 Dungeon Crawl Stone Soup version 0.31-a0-774-g0d66cbabe8 (webtiles) character file.

Game seed: 7481196992814049419

10524 CowFu the Skirmisher (level 11, -7/62 HPs)
             Began as a Kobold Hunter on Sept 17, 2023.
             Was a Priest of Hepliaklqana.
             Mangled by a death yak (13 damage)
             ... in an ice cave.
             The game lasted 00:17:23 (9759 turns).

CowFu the Skirmisher (Kobold Hunter)                Turns: 9759, Time: 00:17:24

Health: -7/62      AC: 10    Str:  8    XL:     11   Next: 94%
Magic:  12/12      EV: 23    Int: 12    God:    Hepliaklqana [***...]
Gold:   577        SH:  0    Dex: 28    Spells: 10/10 levels left

rFire   . . .        a - +2 sling (flame)
rCold   + . .        (no shield)
rNeg    . . .        c - +0 leather armour
rPois   .            (no helmet)
rElec   .            B - +2 cloak {rC+}
rCorr   .            n - +0 pair of gloves
SInv    .            u - +2 pair of boots
Will    .....        v - amulet of faith
Stlth   ++++++       o - ring of flight
HPRegen 0.30/turn    r - +6 ring of dexterity
MPRegen 0.13/turn

%: faith
@: flying
A: reduced essence, small, no large weapons, nightstalker 3
a: Renounce Religion, Recall Ancestor, Ancestor Identity, Transference


You were in an ice cave.
You worshipped Hepliaklqana.
Hepliaklqana was most pleased with you.
You visited 3 branches of the dungeon, and saw 10 of its levels.
You also visited: Ice Cave.

You collected 577 gold pieces.

Inventory:

Hand Weapons
 a - a +2 sling of flaming (weapon)
 b - a +0 short sword of electrocution
 d - a +1 shortbow
 e - a +1 rapier of draining
 E - a +3 dagger
Missiles
 K - 2 throwing nets
Armour
 c - a +0 leather armour (worn)
 n - a +0 pair of gloves (worn)
 u - a +2 pair of boots (worn)
 B - a +2 cloak of cold resistance (worn)
Jewellery
 g - an amulet of magic regeneration
 o - a ring of flight (left hand)
 r - a +6 ring of dexterity (right hand)
 v - an amulet of faith (around neck)
 I - a ring of poison resistance
Wands
 h - a wand of quicksilver (10)
 q - a wand of iceblast (14)
 x - a wand of polymorph (12)
 D - a wand of paralysis (8)
 H - a wand of digging (3)
 J - a wand of flame (27)
Scrolls
 f - 2 scrolls of amnesia
 j - 3 scrolls of enchant armour
 m - a scroll of vulnerability
 y - 3 scrolls of immolation
 L - a scroll of revelation
Potions
 i - 2 potions of brilliance
 k - 2 potions of attraction
 l - a potion of resistance
 p - 2 potions of magic
 s - 2 potions of haste {unknown}
 t - a potion of cancellation {unknown}
 w - a potion of mutation {unknown}
 z - 3 potions of lignification {unknown}
 A - 3 potions of enlightenment {unknown}
 C - a potion of experience {unknown}


   Skills:
 + Level 8.7 Fighting
 - Level 14.0 Ranged Weapons
 + Level 9.5 Dodging
 + Level 11.0 Stealth
 - Level 2.0 Invocations
 - Level 8.0 Evocations


You had 10 spell levels left.
You didn't know any spells.
Your spell library contained the following spells:

 Spells                   Type           Power      Damage    Failure   Level
 Necrotise                Necr           0%         1d4       43%         1
 Summon Small Mammal      Summ           0%         N/A       43%         1
 Sublimation of Blood     Necr           0%         N/A       58%         2
 Wereblood                Tmut           0%         N/A       58%         2
 Call Canine Familiar     Summ           0%         N/A       82%         3
 Ozocubu's Armour         Ice            0%         N/A       82%         3
 Summon Guardian Golem    Hex/Summ       0%         N/A       82%         3
 Haunt                    Necr/Summ      0%         N/A       100%        7
 Ozocubu's Refrigeration  Ice            0%         4d7       100%        7
 Summon Hydra             Summ           0%         N/A       100%        7
 Borgnjor's Revivificati  Necr           0%         N/A       100%        8


Dungeon Overview and Level Annotations

Branches:
Dungeon (8/15)             Temple (1/1) D:4            Lair (1/5) D:8
  IceCv (1/1)

Altars:
Ashenzari
Cheibriados
Dithmenos
Elyvilon
Fedhas
Gozag
Hepliaklqana
Kikubaaqudgha
Makhleb
Nemelex Xobeh
Okawaru
Qazlal
Ru
Sif Muna
Trog
Uskayaw
Vehumet
Wu Jian
Xom
Yredelemnul
Zin
The Shining One

Shops:
D:5 :   D:8 (


Innate Abilities, Weirdness & Mutations

Your life essence is reduced to manifest your ancestor. (-10% HP)
You are small and have problems with some larger weapons.
You are completely attuned to the shadows.


Message History

The death yak barely misses you. The death yak gores you!
You shoot a sling bullet. The sling bullet hits the death yak.
The sling bullet burns the death yak.
The death yak is severely wounded.
The death yak barely misses you.
The death yak gores you but does no damage.
You shoot a sling bullet. The sling bullet hits the death yak.
The sling bullet burns the death yak.
The death yak is almost dead.
The death yak gores you.
You shoot a sling bullet. The sling bullet hits the death yak.
The sling bullet burns the death yak.
The death yak is almost dead.
The death yak misses you.
You can no longer heal and protect your ancestor.
You shoot a sling bullet.
The sling bullet hits the death yak but does no damage.
The death yak is almost dead.
The death yak gores you.
The death yak gores you but does no damage.
You shoot a sling bullet.
The sling bullet hits the death yak but does no damage.
The death yak is almost dead.
The death yak gores you!!
* * * LOW HITPOINT WARNING * * *
The death yak completely misses you.
You are too injured to fight recklessly!
Fire: a) +2 sling (flame)
Press: ? - help, Q - select action, (/) - cycle Shift-Dir - straight line, f/p - death yak
Aim: a death yak (almost dead, 86% to hit)
You shoot a sling bullet. The sling bullet hits the death yak!
The sling bullet burns the death yak.
You kill the death yak!
The death yak misses you.
Your Stealth skill increases to level 11!
Okay, then.
Okay, then.
The death yak attacks as it pursues you!
The death yak gores you!
You die...

### ########## ## ##R##
###...##...########.
#.#.#####.Y@##...##...#..#R.
##.###.....##########..##.##
##.#..⌠..## #..#####.
##.....## ###..#... ####...#
###..## ##..Y# #### ###...
##.


You could see a death yak.

Vanquished Creatures
  2 death yaks (IceCv)
  Pikel (D:6)
  A cane toad (Lair:1)
  Jeremiah (D:6)
  A komodo dragon (Lair:1)
  2 rime drakes (Lair:1)
  Grinder (D:3)
  2 polar bears (IceCv)
  Sigmund (D:4)
  2 wyverns (D:8)
  12 yaks
  A steam dragon (D:6)
  3 water moccasins
  A black bear (D:7)
  An ice beast (D:8)
  2 orc warriors
  An ogre (D:6)
  8 wolves (IceCv)
  2 centaurs
  A lemure (D:6)
  A phantom (D:4)
  3 kobold brigands
  A bullfrog (D:7)
  A scorpion (D:4)
  The ghost of justen the Changeling, a weakling TrSh (D:4)
  A killer bee (D:8)
  2 howler monkeys (D:8)
  A jelly (D:3)
  A gnoll bouda (D:6)
  4 orc priests
  4 hounds
  Ijyb (D:3)
  2 iguanas (D:5)
  3 orc wizards (D:8)
  4 gnolls
  13 adders
  A white imp (D:7)
  2 ufetubi
  A dart slug (D:1)
  19 orcs
  2 ball pythons (D:2)
  9 endoplasms
  A giant cockroach (D:2)
  17 goblins
  6 hobgoblins
  4 quokkas
  5 bats
  5 frilled lizards
  25 kobolds
  6 rats
192 creatures vanquished.

Vanquished Creatures (collateral kills)
  3 polar bears (IceCv)
  4 yaks
  An ogre (D:5)
  2 wolves (IceCv)
  2 bullfrogs
  2 killer bees (D:8)
  A howler monkey (D:8)
  2 orc priests
  A sleepcap (D:7)
  An orc wizard (D:7)
  3 gnolls (D:6)
  An ufetubus (D:6)
  An orc (D:8)
  3 kobolds
27 creatures vanquished.

Vanquished Creatures (others)
  7 knights
  3 ancestors
10 creatures vanquished.

Grand Total: 229 creatures vanquished

Notes
Turn   | Place    | Note
-------+----------+-------------------------------------------
     0 | D:1      | CowFu the Kobold Hunter began the quest for the Orb.
     0 | D:1      | Reached XP level 1. HP: 12/12 MP: 1/1
   255 | D:1      | Reached XP level 2. HP: 17/17 MP: 2/2
   352 | D:1      | Reached skill level 6 in Ranged Weapons
   525 | D:1      | Reached XP level 3. HP: 21/21 MP: 3/3
   879 | D:2      | Reached skill level 7 in Ranged Weapons
   932 | D:2      | Reached XP level 4. HP: 25/26 MP: 4/4
  1481 | D:2      | Reached XP level 5. HP: 30/30 MP: 5/5
  1538 | D:2      | Reached skill level 8 in Ranged Weapons
  1765 | D:2      | Got a decrepit book
  1945 | D:3      | Noticed Grinder
  1961 | D:3      | Paralysed by Grinder for 3 turns
  1966 | D:3      | Killed Grinder
  1967 | D:3      | Reached skill level 9 in Ranged Weapons
  1967 | D:3      | Reached XP level 6. HP: 15/35 MP: 6/6
  2450 | D:3      | Noticed Ijyb
  2465 | D:3      | Killed Ijyb
  2466 | D:3      | Reached skill level 10 in Ranged Weapons
  2573 | D:3      | Reached XP level 7. HP: 40/40 MP: 7/7
  2722 | D:4      | Found Ceoceopt's Armour Boutique.
  2822 | D:4      | Reached skill level 11 in Ranged Weapons
  2889 | D:4      | Found a runed translucent gate.
  2889 | D:4      | Found a runed translucent gate.
  2889 | D:4      | Found a runed translucent gate.
  2892 | D:4      | Noticed justen's ghost (weakling TrSh)
  3025 | D:4      | Found a staircase to the Ecumenical Temple.
  3037 | Temple   | Entered the Ecumenical Temple
  3052 | Temple   | Became a worshipper of Hepliaklqana the Forgotten
  3493 | D:4      | Noticed Sigmund
  3499 | D:4      | Killed Sigmund
  3500 | D:4      | Reached skill level 12 in Ranged Weapons
  3500 | D:4      | Reached XP level 8. HP: 39/44 MP: 8/8
  4043 | D:5      | Entered Level 5 of the Dungeon
  4233 | D:5      | Found Pusuc's Book Boutique.
  4254 | D:5      | Reached * piety under Hepliaklqana
  4386 | D:5      | You are sucked into a shaft and drop 1 floor!
  4445 | D:6      | Noticed Pikel
  4468 | D:6      | HP: 1/39 [lemure[Pikel] (5)]
  4471 | D:6      | Killed Pikel
  4472 | D:6      | Reached skill level 14 in Ranged Weapons
  4589 | D:6      | Reached skill level 1 in Invocations
  4589 | D:6      | Reached skill level 1 in Evocations
  4589 | D:6      | Reached XP level 9. HP: 42/44 MP: 9/9
  5089 | D:6      | Noticed Jeremiah
  5120 | D:6      | Killed Jeremiah
  5904 | D:4      | Killed justen's ghost
  5905 | D:4      | Reached skill level 5 in Stealth
  6178 | D:5      | Reached ** piety under Hepliaklqana
  6179 | D:5      | Remembered your ancestor Wenzel as a knight
  6395 | D:7      | Reached skill level 5 in Dodging
  6436 | D:7      | Found a burning altar of Makhleb.
  6703 | D:7      | Reached XP level 10. HP: 52/52 MP: 11/11
  6719 | D:7      | Found a hide-covered altar of Uskayaw.
  7021 | D:7      | Reached skill level 5 in Fighting
  7023 | D:7      | Reached *** piety under Hepliaklqana
  7334 | D:8      | Found a staircase to the Lair.
  7379 | D:8      | Found Baocet's Antique Weapon Shop.
  7483 | D:8      | Reached skill level 5 in Evocations
  7676 | D:8      | Found a shimmering altar of Xom.
  7678 | D:8      | Found a shimmering blue altar of Sif Muna.
  7994 | D:8      | Found a shadowy altar of Dithmenos.
  8379 | Lair:1   | Entered Level 1 of the Lair of Beasts
  8532 | Lair:1   | Noticed a komodo dragon
  8539 | Lair:1   | Killed a komodo dragon
  8552 | Lair:1   | Reached **** piety under Hepliaklqana
  8559 | Lair:1   | Noticed a cane toad
  8567 | Lair:1   | Killed a cane toad
  8620 | Lair:1   | Noticed a rime drake
  8623 | Lair:1   | Noticed a rime drake
  8624 | Lair:1   | Killed a rime drake
  8632 | Lair:1   | Killed a rime drake
  8633 | Lair:1   | Reached XP level 11. HP: 59/59 MP: 12/12
  8635 | Lair:1   | Found a frozen archway.
  8641 | IceCv    | Entered an ice cave
  9060 | IceCv    | Noticed a death yak
  9079 | IceCv    | Killed a death yak
  9080 | IceCv    | Reached skill level 10 in Stealth
  9300 | IceCv    | Noticed a death yak
  9301 | IceCv    | Noticed a death yak
  9757 | IceCv    | Killed a death yak
  9759 | IceCv    | Mangled by a death yak

Illustrated notes

Levels and vault maps discovered:
D:1:      nicolae_arrival_memento_mori, layout_basic
D:2:      layout_loops_corners, nicolae_half_adder
D:3:      kennysheep_the_goblin_king, layout_basic, uniq_grinder
D:4:      layout_loops_corners, minmay_temple_entry_proselytizer,
          gammafunk_ghost_nasty_kobolds, serial_shops, shop,
          grunt_decor_mini_mirrors, kennysheep_generic_room_15, uniq_sigmund
D:5:      layout_rooms, serial_shops, shop
D:6:      layout_loops_cross, uniq_jeremiah, uniq_menkaure, uniq_pikel
D:7:      layout_gridville, mainiacjoe_overflow_catch_the_wave,
          grunt_ministairs_6
D:8:      layout_loops_ring, mainiacjoe_overflow_concentric_impassable,
          minitemple, lair_entry_dummy, serial_shops, shop
Temple:   nicolae_temple_bog_church
Lair:1:   layout_regular_city, portal_ice_cave_rime,
          infiniplex_staircase_pool_2, grunt_megastairs_1
IceCv:    ice_cave_caverns_01

Skill      XL: |  1  2  3  4  5  6  7  8  9 10 11 |
---------------+----------------------------------+-----
Ranged Weapons | 6 7 9 10 12 14 | 14.0
Stealth        | 2 5 8 11 | 11.0
Invocations    | 1 2 |  2.0
Evocations     | 1 4 6 8 |  8.0
Dodging        | 5 7 9 |  9.5
Fighting       | 4 6 8 |  8.7

Action                     |  1- 3 |  4- 6 |  7- 9 | 10-12 || total
---------------------------+-------+-------+-------+-------++-------
   Fire: Shortbow          |    77 |   103 |   315 |       ||   495
         Sling             |       |       |     6 |   366 ||   372
 Invoke: Recall Ancestor   |       |       |     1 |       ||     1
         Ancestor Life: Kn |       |       |     1 |       ||     1
         Transference      |       |       |       |     1 ||     1
    Use: Potion            |       |       |     5 |       ||     5
         Scroll            |       |       |    14 |     6 ||    20
 Armour: Leather armour    |    14 |    25 |    65 |    48 ||   152
  Dodge: Dodged            |    25 |    24 |    85 |    78 ||   212

Table legend: (Time is in decaauts)
 A = Elapsed time spent in this place.
 B = Non-inter-level travel time spent in this place.
 C = Inter-level travel time spent in this place.
 D = Time resting spent in this place.
 E = Time spent auto-exploring this place.
 F = Levels seen in this place.
 G = Mean time per level.
                   A        B        C        D        E       F      G
               +--------+--------+--------+--------+--------+-----+--------+
         Total |   9620 |   9260 |    360 |      0 |   7661 |  11 |  874.5 |
       Dungeon |   8273 |   7941 |    332 |      0 |   6939 |   8 | 1034.1 |
        Temple |     30 |      2 |     28 |      0 |      0 |   1 |   30.0 |
          Lair |    249 |    249 |      0 |      0 |      0 |   1 |  249.0 |
      Ice Cave |   1065 |   1065 |      0 |      0 |    722 |   1 | 1065.0 |
               +--------+--------+--------+--------+--------+-----+--------+

Top non-repeatable levels by time:
     D:4: 1572 daAuts
     D:6: 1317 daAuts
     D:2: 1146 daAuts
   IceCv: 1065 daAuts
     D:8: 1024 daAuts
     D:7: 945 daAuts
     D:3: 872 daAuts
     D:1: 762 daAuts
     D:5: 633 daAuts
  Lair:1: 249 daAuts
  Temple: 30 daAuts
